Map: Thunderbird LE

Players

TSGSolar (Solar)

  • Race: Zerg Zerg
  • League: Diamond
  • Spawn Location: 11:00

Zest - Winner!

  • Race: Protoss Protoss
  • League: Master
  • Spawn Location: 5:00

Event: HomeStory Cup XX

VOD

Have the link to the VOD?

Description

Time

  • Played on: Nov. 24, 2019, 10:15 a.m.
  • Length: 13:08

All games in this series

Show
View Real Time Build Order
Export as new Build Order

TSGSolar Zerg 

Build Orders: Hatch First 

Get SALT Encoding   

  12  0:01  Drone  
  13  0:12  Overlord  
  13  0:17  Drone  
  14  0:30  Drone x2  
  16  0:48  Hatchery  
  15  0:51  Drone  
  15  0:55  Drone  
  17  0:58  Drone  
  18  1:09  Extractor  
  17  1:15  Spawning Pool  
  17  1:17  Drone  
  17  1:20  Drone  
  18  1:28  Drone  
  19  1:38  Drone  
  20  1:47  Hatchery  
  20  1:50  Drone  
  20  2:02  Queen  
  20  2:04  Zergling x2  
  20  2:06  Drone  
  24  2:11  Drone  
  25  2:17  Overlord  
  25  2:25  Queen  
  27  2:30  Metabolic Boost  
  27  2:36  Drone  
  28  2:38  Drone x2  
  30  2:44  Zergling x2  
  30  2:46  Queen  
  33  2:52  Drone  
  33  2:55  Zergling x2  
  33  2:57  Drone  
  36  3:03  Queen  
  36  3:05  Overlord  
  38  3:09  Drone x2  
  38  3:11  Drone  
  40  3:15  Drone  
  40  3:18  Overlord  
  41  3:25  Queen  
  41  3:27  Drone  
  44  3:28  Drone  
  44  3:30  Drone  
  44  3:34  Overlord  
  46  3:35  Drone  
  46  3:37  Drone  
  46  3:38  Drone  
  49  3:42  Spore Crawler  
  49  3:45  Spore Crawler, Drone  
  48  3:49  Overlord  
  48  3:52  Drone x2  
  50  3:57  Drone x3  
  50  4:00  Drone x2  
  55  4:05  Overlord  
  55  4:07  Drone x2  
  57  4:13  Drone x3  
  57  4:14  Drone x2  
  60  4:20  Drone  
  60  4:21  Overlord  
  60  4:24  Drone  
  62  4:31  Zergling x2  
  63  4:34  Zergling x8  
  63  4:35  Lair  
  67  4:38  Extractor  
  67  4:39  Extractor, Drone x2  
  67  4:40  Roach Warren  
  67  4:42  Drone  
  67  4:45  Drone x3  
  68  4:47  Spore Crawler  
  68  4:48  Drone  
  68  4:49  Drone  
  68  4:51  Drone x3  
  74  4:54  Extractor  
  74  4:55  Extractor  
  74  4:56  Overlord  
  71  5:02  Drone x2  
  71  5:05  Drone  
  74  5:08  Drone x3  
  74  5:12  Overlord  
  74  5:13  Overlord  
  76  5:17  Drone  
  77  5:21  Drone  
  77  5:25  Drone x3  
  77  5:26  Drone x3  
  77  5:28  Drone  
  77  5:36  Overseer, Drone x2  
  77  5:37  Glial Reconstitution  
  79  5:44  Drone  
  79  5:47  Overlord  
  79  5:48  Extractor  
  79  5:51  Drone  
  79  5:52  Evolution Chamber, Zergling x6  
  79  5:53  Zergling x2  
  79  5:54  Overlord  
  79  5:55  Drone  
  84  5:59  Roach x2  
  84  6:00  Roach  
  84  6:03  Overlord  
  90  6:06  Drone  
  90  6:07  Infestation Pit  
  90  6:08  Drone x3  
  90  6:15  Overlord  
  90  6:17  Drone  
  91  6:18  Drone x3  
  91  6:19  Drone  
  91  6:20  Overlord  
  91  6:24  Hatchery  
  93  6:30  Spire  
  92  6:33  Zergling x4  
  92  6:34  Zergling x4, Overlord  
  92  6:35  Drone  
  92  6:38  Drone  
  98  6:40  Zerg Melee Weapons Level 1  
  98  6:43  Overlord  
  98  6:44  Drone  
  98  6:45  Drone x2  
  101  6:48  Spore Crawler, Drone x2  
  101  6:51  Spore Crawler  
  101  6:52  Drone x2  
  101  6:54  Spore Crawler  
  102  6:56  Spore Crawler  
  102  6:57  Pneumatized Carapace  
  102  6:58  Drone  
  102  6:59  Drone  
  103  7:03  Spore Crawler  
  103  7:04  Drone x3  
  103  7:05  Drone  
  103  7:06  Overseer  
  106  7:10  Drone x3  
  106  7:16  Drone  
  106  7:18  Overlord  
  106  7:19  Drone  
  106  7:29  Drone x3  
  106  7:32  Baneling Nest  
  109  7:37  Roach x3, Zergling x2  
  109  7:40  Overlord  
  109  7:43  Drone x2  
  112  7:51  Corruptor x3  
  111  7:55  Drone x3  
  115  7:59  Corruptor x2  
  115  8:02  Corruptor x2  
  115  8:04  Corruptor x2  
  123  8:08  Drone x2  
  123  8:09  Drone  
  123  8:10  Zergling x6, Queen  
  131  8:15  Corruptor  
  131  8:16  Corruptor  
  131  8:18  Zerg Flyer Weapons Level 1  
  135  8:20  Overlord  
  135  8:25  Roach, Hive  
  135  8:30  Drone x3  
  135  8:31  Overlord  
  138  8:35  Corruptor x2  
  138  8:37  Overlord  
  138  8:40  Extractor, Drone x3  
  138  8:41  Ravager  
  144  8:42  Ravager x3  
  144  8:45  Extractor  
  144  8:46  Corruptor  
  144  8:48  Drone x2  
  149  8:49  Overlord  
  149  8:50  Overlord  
  149  8:52  Overlord  
  149  8:56  Zergling x10  
  149  9:01  Queen x2  
  158  9:04  Queen  
  160  9:16  Overlord  
  159  9:18  Drone x4  
  159  9:22  Overlord  
  160  9:26  Zergling x8  
  164  9:32  Drone  
  164  9:34  Drone  
  164  9:36  Queen  
  168  9:42  Hatchery  
  167  9:46  Viper x2  
  167  9:51  Roach x8  
  192  9:55  Roach  
  192  9:58  Baneling  
  192  9:59  Baneling x18  
  191  10:00  Zergling x2  
  191  10:01  Zergling x2  
  191  10:04  Zergling x12  
  195  10:08  Zergling x6  
  195  10:09  Zergling x4  
  195  10:13  Zerg Flyer Armor Level 1  
  188  10:17  Zergling x10  
  188  10:20  Roach  
  172  10:22  Baneling x6  
  172  10:23  Baneling x2  
  172  10:24  Ravager  
  172  10:25  Roach x2  
  170  10:28  Roach  
  170  10:31  Corruptor x2  
  170  10:33  Overlord  
  170  10:35  Overlord  
  170  10:36  Overlord  
  170  10:37  Overlord  
  170  10:38  Overlord  
  170  10:39  Overlord x2  
  170  10:42  Overlord  
  150  10:48  Zergling x8  
  116  10:51  Roach  
  116  10:55  Roach  
  112  11:00  Ravager x9  
  122  11:04  Roach x2  
  122  11:08  Roach  
  122  11:14  Roach x2  
  122  11:15  Baneling x6  
  122  11:16  Baneling  
  126  11:23  Zergling x6  
  129  11:27  Zergling x2  
  129  11:32  Overlord  
  130  11:33  Baneling x2  
  130  11:34  Zergling x2  
  130  11:36  Ravager  
  130  11:37  Ravager x2, Zergling x2  
  135  11:42  Zergling x2  
  135  11:43  Overlord  
  136  11:47  Queen x3  
  136  11:50  Hatchery, Zergling x2  
  136  11:53  Zergling x6  
  145  11:55  Zergling x2  
  146  12:06  Zergling x14  
  153  12:14  Overlord  
  153  12:23  Ravager x4  
  157  12:30  Roach x2, Zergling x2  
  157  12:33  Baneling x7  
  157  12:34  Baneling x5  
  157  12:36  Zergling x2  
  163  12:40  Baneling x2  
  163  12:41  Baneling x2  
  163  12:42  Zergling x4  
  165  12:46  Drone x2  
  165  12:47  Drone  
  165  12:49  Drone  
  167  12:51  Drone  
  167  12:55  Drone x2  
Show
View Real Time Build Order
Export as new Build Order

Zest Protoss - Winner!

Build Orders: 1 Gate Expand, Oracle Opening, Phoenix Opening 

Get SALT Encoding   

  12  0:00  Probe  
  13  0:12  Probe  
  14  0:18  Pylon  
  14  0:24  Probe  
  15  0:32  Probe  
  15  0:37  Gateway  
  15  0:40  Probe  
  16  0:46  Assimilator  
  17  0:51  Probe  
  18  1:03  Probe  
  19  1:15  Probe  
  20  1:24  Nexus  
  20  1:34  Cybernetics Core  
  20  1:37  Probe  
  21  1:43  Assimilator  
  21  1:49  Probe  
  21  1:52  Pylon  
  22  2:00  Adept  
  22  2:01  Probe  
  23  2:13  Stargate  
  25  2:16  Probe  
  25  2:22  Warp Gate  
  26  2:28  Probe  
  27  2:30  Adept  
  27  2:31  Probe  
  30  2:40  Probe x2  
  32  2:48  Phoenix  
  32  2:50  Probe  
  32  2:52  Probe  
  36  3:02  Probe, Oracle  
  36  3:04  Probe  
  38  3:09  Pylon  
  38  3:14  Probe  
  42  3:21  Probe  
  42  3:24  Assimilator  
  42  3:26  Probe  
  44  3:27  Assimilator  
  44  3:32  Oracle  
  44  3:33  Probe  
  45  3:36  Gateway  
  45  3:38  Probe  
  46  3:45  Probe  
  50  3:49  Pylon  
  50  3:50  Probe  
  51  3:59  Robotics Facility  
  51  4:00  Probe  
  51  4:02  Probe  
  53  4:05  Oracle  
  53  4:12  Probe  
  53  4:16  Probe  
  58  4:23  Pylon  
  58  4:24  Probe  
  58  4:28  Probe  
  60  4:35  Adept  
  60  4:36  Nexus  
  62  4:41  Probe x2, Observer  
  62  4:44  Pylon  
  65  4:53  Probe x2  
  65  4:57  Sentry  
  65  4:59  Pylon  
  69  5:05  Probe  
  69  5:06  Probe, Stargate x2  
  71  5:13  Immortal  
  75  5:17  Assimilator  
  75  5:18  Probe x2  
  77  5:30  Probe  
  77  5:34  Probe  
  76  5:38  Probe, Phoenix  
  76  5:41  Assimilator  
  79  5:45  Pylon  
  79  5:46  Probe x2  
  79  5:49  Probe  
  81  5:51  Pylon  
  81  5:52  Phoenix x2  
  81  5:56  Probe  
  86  5:57  Pylon  
  86  5:59  Probe  
  86  6:01  Probe  
  89  6:08  Probe  
  89  6:10  Phoenix  
  89  6:11  Probe  
  93  6:13  Probe  
  93  6:17  Phoenix x2  
  93  6:18  Pylon  
  98  6:19  Pylon  
  98  6:25  Observer  
  98  6:35  Phoenix  
  100  6:41  Fleet Beacon  
  100  6:42  Phoenix x2  
  104  6:51  Probe, Pylon  
  104  6:52  Probe x2  
  107  6:54  Protoss Air Weapons Level 1, Forge  
  107  6:56  Twilight Council  
  107  6:57  Gateway  
  107  7:00  Gateway  
  107  7:06  Pylon  
  107  7:09  Pylon, Immortal  
  107  7:18  Sentry x2  
  115  7:31  Void Ray x2  
  115  7:33  Unknown  
  123  7:39  Void Ray  
  127  8:00  Protoss Ground Weapons Level 1  
  127  8:02  Observer  
  127  8:05  Void Ray x2  
  127  8:07  Stalker x2  
  127  8:08  Charge  
  131  8:13  Gateway  
  131  8:15  Gateway  
  131  8:17  Gateway  
  131  8:19  Void Ray  
  139  8:20  Gateway  
  139  8:22  Gateway  
  139  8:23  Gateway  
  139  8:26  Warp Prism  
  139  8:28  Pylon  
  139  8:32  Pylon  
  145  8:36  Pylon x2  
  145  8:39  Pylon  
  145  8:40  Pylon  
  145  8:49  Observer  
  145  8:52  Pylon  
  145  9:00  Zealot x3  
  145  9:01  Zealot  
  153  9:08  Templar Archives  
  153  9:15  Nexus  
  153  9:17  Pylon  
  157  9:30  Pylon  
  165  9:35  Observer  
  153  9:39  Warp Prism  
  153  9:40  Photon Cannon  
  153  9:41  Shield Battery  
  153  9:43  Blink  
  153  9:44  Protoss Shields Level 1  
  153  9:45  High Templar x6  
  161  9:46  Zealot x4  
  161  9:49  Archon x3  
  175  10:01  Probe  
  175  10:02  Probe x2  
  178  10:13  Observer  
  156  10:14  Zealot x2  
  156  10:15  Zealot x2  
  156  10:17  Zealot x2  
  156  10:18  Zealot  
  156  10:19  Zealot x3  
  155  10:35  High Templar x2  
  155  10:36  High Templar x2  
  155  10:37  Zealot x2  
  155  10:40  Zealot, Archon  
  155  10:41  Zealot x6  
  137  10:59  Void Ray x3  
  137  11:02  Zealot x5  
  137  11:03  Immortal  
  152  11:05  Zealot x2  
  160  11:12  Stalker x3  
  156  11:31  Probe x3  
  156  11:32  Probe  
  160  11:40  Carrier  
  160  11:42  Assimilator  
  160  11:45  Assimilator, Probe x2  
  160  11:46  Carrier  
  162  11:47  Carrier  
  162  11:48  Nexus  
  162  11:50  Pylon  
  180  12:12  Photon Cannon  
  180  12:14  Photon Cannon x2  
  180  12:16  Shield Battery  
  180  12:17  Sentry  
  182  12:23  Observer  
  182  12:28  Warp Prism  
  184  12:32  Zealot x6, High Templar x2  
  200  12:39  Archon  
  196  13:01  Zealot  
  196  13:02  Zealot x7  
  196  13:05  Zealot x2  
Tags
 
Add a new tag
Caveats
  • Supply blocks, unpowered buildings, or Contaminate may cause inaccurate times.
  • Supply counts are checked every 10 seconds.